 Dungeon Crawl Stone Soup version 0.30-a0-219-gf2db51d15e (webtiles) character file.

Game seed: 6416340220151046023

18 Flugkiller the Vexing (level 2, -1/21 HPs)
             Began as a Mummy Hexslinger on Oct 7, 2022.
             Slain by a goblin
             ... wielding a +0 dagger
              (3 damage)
             ... on level 1 of the Dungeon.
             The game lasted 00:02:00 (240 turns).

Flugkiller the Vexing (Mummy Hexslinger)             Turns: 240, Time: 00:02:00

Health: -1/21      AC:  2    Str: 13    XL:     2   Next: 51%
Magic:  2/5        EV: 12    Int: 12    God:
Gold:   3          SH:  0    Dex: 12    Spells: 4/5 levels left

rFire   x . .      SeeInvis .    a - +1 sling
rCold   + . .      Faith    +    (no shield)
rNeg    + + +      Spirit   .    c - +0 robe
rPois   ∞          Reflect  .    (no helmet)
rElec   .          Harm     .    (no cloak)
rCorr   .          Rampage  .    (no gloves)
Will    .....                    (no boots)
Stlth   +.........               (no amulet)
HPRegen 0.23/turn                (no ring)
MPRegen 0.09/turn                (no ring)

@: no status effects
A: cold resistance 1, negative energy resistance 3, torment resistance 2, heat
vulnerability 1, no potions, faith
a: no special abilities


You were on level 1 of the Dungeon.
You visited 1 branch of the dungeon, and saw 1 of its levels.

You collected 3 gold pieces.

Inventory:

Hand Weapons
 a - a +1 sling (weapon)
 d - a +0 dagger
   (You found it on level 1 of the Dungeon)
Armour
 c - a +0 robe (worn)
Scrolls
 b - a scroll of poison
 f - a scroll of silence
 r - a scroll of identify


   Skills:
 + Level 1.3 Fighting
 - Level 2.0 Ranged Weapons
 - Level 1.5 Dodging
 - Level 2.0 Spellcasting
 - Level 3.0 Hexes


You had 4 spell levels left.
You knew the following spells:

 Your Spells              Type           Power      Damage    Failure   Level
a - Slow                  Hex            32%        N/A       8%          1

Your spell library contained the following spells:

 Spells                   Type           Power      Damage    Failure   Level
 Inner Flame              Hex/Fire       4%         N/A       41%         3
 Portal Projectile        Hex/Tloc       8%         N/A       41%         3
 Cause Fear               Hex            4%         N/A       61%         4


Dungeon Overview and Level Annotations

Branches:
Dungeon (1/15) Zot: 5744

Altars:


Innate Abilities, Weirdness & Mutations

You are immune to poison.
Your flesh is cold resistant. (rC+)
You are immune to negative energy. (rN+++)
You are immune to unholy pain and torment.
You are vulnerable to heat. (rF-)
You do not drink.
You have a special connection with the divine. (Faith)


Message History

The sling bullet barely misses the jackal.
The sling bullet closely misses the bat.
The sling bullet closely misses the frilled lizard.
The sling bullet hits the giant cockroach.
You kill the giant cockroach!
The jackal barely misses you.
You shoot a sling bullet.
The sling bullet barely misses the jackal.
The sling bullet barely misses the bat.
The sling bullet barely misses the frilled lizard.
The jackal bites you. x2
You are too injured to fight recklessly!
You are too injured to fight recklessly!
You are too injured to fight recklessly!
Fire: a) +1 sling
Press: ? - help, Q - select action, (/) - cycle Shift-Dir - straight line, f/p - jackal
Aim: a jackal (slow, 47% to hit)
You shoot a sling bullet. The sling bullet hits the jackal.
The jackal is heavily wounded.
The jackal barely misses you.
Fire: a) +1 sling
Press: ? - help, Q - select action, (/) - cycle Shift-Dir - straight line, f/p - jackal
Aim: a jackal (heavily wounded, slow, 47% to hit)
You shoot a sling bullet.
The sling bullet closely misses the jackal.
The sling bullet barely misses the bat.
The sling bullet hits the frilled lizard.
You kill the frilled lizard!
The jackal barely misses you.
Fire: a) +1 sling
Press: ? - help, Q - select action, (/) - cycle Shift-Dir - straight line, f/p - jackal
Aim: a jackal (heavily wounded, slow, 47% to hit)
You shoot a sling bullet. The sling bullet hits the jackal.
You kill the jackal!
The bat hits you but does no damage.
Fire: a) +1 sling
Press: ? - help, Q - select action, (/) - cycle Shift-Dir - straight line, f - bat
Aim: a bat (39% to hit)
You shoot a sling bullet.
The sling bullet closely misses the bat.
You hear a shout!
The bat hits you but does no damage.
Fire: a) +1 sling
Press: ? - help, Q - select action, (/) - cycle Shift-Dir - straight line, f/p - bat
Aim: a bat (39% to hit)
You shoot a sling bullet.
The sling bullet closely misses the bat.
The bat barely misses you. The bat completely misses you.
The bat closely misses you.
Fire: a) +1 sling
Press: ? - help, Q - select action, (/) - cycle Shift-Dir - straight line, f/p - bat
Aim: a bat (39% to hit)
You shoot a sling bullet. The sling bullet misses the bat.
The bat hits you. The bat hits you but does no damage.
The bat closely misses you.
Fire: a) +1 sling
Press: ? - help, Q - select action, (/) - cycle Shift-Dir - straight line, f/p - bat
Aim: a bat (39% to hit)
You shoot a sling bullet.
The sling bullet closely misses the bat.
The bat barely misses you. The bat hits you. The bat barely misses you.
A goblin comes into view. It is wielding a +0 dagger.
Fire: a) +1 sling
Press: ? - help, Q - select action, (/) - cycle Shift-Dir - straight line, f/p - bat
Aim: a bat (39% to hit)
You shoot a sling bullet. The sling bullet barely misses the bat.
The bat hits you. The bat hits you but does no damage.
The goblin hits you with a +0 dagger.
Fire: a) +1 sling
Press: ? - help, Q - select action, (/) - cycle Shift-Dir - straight line, f/p - bat
Aim: a bat (39% to hit)
You shoot a sling bullet. The sling bullet misses the bat.
The bat barely misses you. The bat hits you.
The goblin hits you with a +0 dagger. The bat hits you.
* * * LOW HITPOINT WARNING * * *
Fire: a) +1 sling
Press: ? - help, Q - select action, (/) - cycle Shift-Dir - straight line, f/p - bat
Aim: a bat (39% to hit)
You shoot a sling bullet. The sling bullet barely misses the bat.
The bat hits you.
* * * LOW HITPOINT WARNING * * *
The goblin hits you with a +0 dagger.
* * * LOW HITPOINT WARNING * * *
The goblin hits you but does no damage.
Unknown command.
As you read the scroll labelled GUECEQ ROTEALE, it crumbles to dust.
It is a scroll of identify.
f - a scroll of silence;
r - a scroll of identify The bat hits you.
* * * LOW HITPOINT WARNING * * *
The bat hits you but does no damage. The goblin barely misses you.
Unknown command.
Unknown command.
Fire: a) +1 sling
Press: ? - help, Q - select action, (/) - cycle Shift-Dir - straight line, f - goblin, p - bat
Aim: a goblin, wielding a +0 dagger (47% to hit)
You shoot a sling bullet.
The sling bullet completely misses the goblin.
The bat hits you but does no damage. The goblin hits you with a +0 dagger.
You die...

#.. #.. ... #†# #†# #.# # #b#
... ########@#....#
#........g....#
#...............
#..........#..#. .###
#...........)...
.....#..............# #.....
#..........#.#...#.# #.....
..#............#...#.###.....
#)...........###...#.#.......


You could see a goblin and a bat.

Vanquished Creatures
  A ball python (D:1)
  2 bats (D:1)
  An endoplasm (D:1)
  2 giant cockroaches (D:1)
  A goblin (D:1)
  A hobgoblin (D:1)
  5 jackals (D:1)
  A frilled lizard (D:1)
14 creatures vanquished.

Notes
Turn   | Place    | Note
-------+----------+-------------------------------------------
     0 | D:1      | Flugkiller the Mummy Hexslinger began the quest for the
                  | Orb.
     0 | D:1      | Reached XP level 1. HP: 15/15 MP: 2/2
   112 | D:1      | Reached skill level 3 in Hexes
   112 | D:1      | Reached XP level 2. HP: 12/21 MP: 1/5
   239 | D:1      | HP: 1/21 [bat (1)]
   240 | D:1      | Slain by a goblin

Illustrated notes

Levels and vault maps discovered:
D:1:      saegor_arrival_simple_c, layout_rooms

Skill      XL: |  1  2 |
---------------+-------+-----
Spellcasting   | 2 |  2.0
Hexes          | 3 |  3.0
Ranged Weapons | 2 |  2.0
Fighting       | |  1.3
Dodging        | |  1.5

Action                   || total
-------------------------++-------
 Fire: Sling             ||    46
 Cast: Slow              ||    12
  Use: Scroll            ||     1
Armor: Robe              ||    13
Dodge: Dodged            ||    30

Table legend: (Time is in decaauts)
 A = Elapsed time spent in this place.
 B = Non-inter-level travel time spent in this place.
 C = Inter-level travel time spent in this place.
 D = Time resting spent in this place.
 E = Time spent auto-exploring this place.
 F = Levels seen in this place.
 G = Mean time per level.
                   A        B        C        D        E       F      G
               +--------+--------+--------+--------+--------+-----+--------+
         Total |    254 |    254 |      0 |     53 |     14 |   1 |  254.0 |
       Dungeon |    254 |    254 |      0 |     53 |     14 |   1 |  254.0 |
               +--------+--------+--------+--------+--------+-----+--------+

Top non-repeatable levels by time:
     D:1: 254 daAuts
